AoeStats
← 化劲省二

Arabia

510733728Analyzed
1v1 RM · 1d ago on Oct 2, 2026· 43m 14s· 2 players
Game mode
Random Map
Map size
Tiny (2 player)
Population
200
Speed
Normal
Resources
Standard
Victory
Conquest
Starting age
Dark Age
Ending age
Imperial Age
RankedLock teamsTeams togetherTeam positionsShared explorationLock speedFull tech treeHidden civsTurbo modeCheats
Victory
Defeat
🇨🇴 Franks · Colombia
1174
+17
🇨🇳 Khitans · China
1200
-17
castdaniel56
6:47 Loom
9:39 Feudal Age
10:19 Double-Bit Axe
12:41 Wheelbarrow
19:04 Castle Age
17:51 Scale Barding Armor
18:01 Town Watch
19:18 Forging
19:53 Husbandry
20:33 Chain Barding Armor
25:22 Bow Saw
25:52 Town Watch
31:43 Imperial Age
31:58 Scale Mail Armor
34:47 Hand Cart
35:23 Chain Mail Armor
35:46 Iron Casting
38:55 Blast Furnace
38:11 Chain Mail Armor
38:33 Plate Barding Armor
39:35 Cavalier
42:45 Chemistry
41:12 Elite Throwing Axeman
化劲省二
8:27 Loom
10:28 Feudal Age
12:13 Wheelbarrow
11:24 Double-Bit Axe
11:36 Domestication
15:45 Town Watch
16:29 Gold Mining
19:48 Castle Age
20:00 Scale Mail Armor
20:53 Forging
20:42 Pikeman
24:41 Squires
26:11 Fletching
33:26 Stone Mining
34:25 Chain Mail Armor
36:21 Pastoralism
39:06 Imperial Age
37:18 Arson
37:51 Bow Saw
38:19 Hand Cart
38:13 Husbandry
39:11 Scale Barding Armor
38:28 Light Cavalry
40:09 Iron Casting
Connection lost

Rejoining the realm…

Still unreachable

The connection could not be restored.

Session expired

The server has moved on; the page needs a fresh start.